 Dungeon Crawl Stone Soup version 0.28.0-62-gf88900778d (webtiles) character file.

Game seed: 8806067875479044914

33 mopl the Bolt Thrower (level 3, 0/31 HPs)
             Began as a Hill Orc Hunter on Dec 20, 2023.
             Slain by a jackal (3 damage)
             ... on level 2 of the Dungeon.
             The game lasted 00:01:17 (981 turns).

mopl the Bolt Thrower (Hill Orc Hunter)              Turns: 981, Time: 00:01:17

Health: 0/31       AC:  3    Str: 16    XL:     3   Next: 29%
Magic:  3/3        EV: 11    Int: 11    God:
Gold:   28         SH:  0    Dex: 11    Spells: 2/2 levels left

rFire   . . .      SeeInvis .   b - +0 short sword
rCold   . . .      Faith    .   (no shield)
rNeg    . . .      Spirit   .   c - +0 leather armour
rPois   .          Reflect  .   (no helmet)
rElec   .          Harm     .   (no cloak)
rCorr   .          Rampage  .   (no gloves)
Will    .....                   (no boots)
Stlth   +.........              (no amulet)
HPRegen 0.10/turn               (no ring)
MPRegen 0.08/turn               (no ring)

@: no status effects
A: no striking features
a: no special abilities


You were on level 2 of the Dungeon.
You visited 1 branch of the dungeon, and saw 2 of its levels.

You collected 80 gold pieces.
You spent 52 gold pieces at shops.

Inventory:

Hand Weapons
 a - a +1 hand crossbow
 b - a +0 short sword (weapon)
Missiles
 d - 20 bolts
Armour
 c - a +0 leather armour (worn)
Scrolls
 e - 2 scrolls of teleportation {unknown}
 f - 2 scrolls of vulnerability {unknown}
 g - a scroll of enchant armour {unknown}
 i - a scroll of identify {unknown}
Potions
 h - 2 potions of curing


   Skills:
 + Level 3.1 Fighting
 * Level 4.3 Crossbows
 - Level 1.5 Dodging
 - Level 0.7 Stealth


You had 2 spell levels left.
You didn't know any spells.
Your spell library contained the following spells:

 Spells                   Type           Power      Damage    Failure   Level
 Frozen Ramparts          Ice            0%         1d2       78%         3
 Gell's Gravitas          Tloc           0%         N/A       78%         3
 Lesser Beckoning         Tloc           0%         N/A       78%         3
 Teleport Other           Tloc           0%         N/A       78%         3
 Ice Form                 Ice/Tmut       0%         N/A       99%         4
 Summon Ice Beast         Ice/Summ       0%         N/A       99%         4


Dungeon Overview and Level Annotations

Branches:
Dungeon (2/15)

Altars:

Shops:
D:1 !


Message History

The jackal closely misses you. The endoplasm barely misses you.
The jackal closely misses you.
You barely miss the endoplasm.
The endoplasm is moderately wounded.
The endoplasm misses you. The jackal bites you.
The endoplasm barely misses you.
You hit the endoplasm.
You kill the endoplasm!
The jackal barely misses you.
The jackal bites you but does no damage.
You barely miss the jackal.
The jackal is heavily wounded.
A jackal comes into view.
The jackal barely misses you. The jackal closely misses you.
You hit the jackal. You punch the jackal, but do no damage.
The jackal is severely wounded.
The jackal barely misses you. x2; The jackal closely misses you. x2
You barely miss the jackal.
The jackal is severely wounded.
The jackal bites you. x2
* * * LOW HITPOINT WARNING * * *
You closely miss the jackal.
The jackal is severely wounded.
The jackal bites you.
* * * LOW HITPOINT WARNING * * *
The jackal closely misses you. The jackal bites you.
* * * LOW HITPOINT WARNING * * *
The jackal bites you.
* * * LOW HITPOINT WARNING * * *
You closely miss the jackal.
The jackal is severely wounded.
The jackal barely misses you. The jackal bites you.
* * * LOW HITPOINT WARNING * * *
The jackal bites you.
* * * LOW HITPOINT WARNING * * *
Unknown command.
You hit the jackal.
You kill the jackal!
The jackal bites you.
You die...

#.......#
#.......# ..
#.......#..#
##......#.#
##...#...#
##.......##
##........#
#........####
#....@.......
#...hh†......
#............
#..).........
#............
##...........
##..........
###........


You could see 2 jackals.

Vanquished Creatures
  A dart slug (D:1)
  2 bats (D:1)
  2 endoplasms (D:2)
  A giant cockroach (D:1)
  A goblin (D:1)
  2 hobgoblins
  9 jackals
  4 kobolds
  A quokka (D:1)
  A frilled lizard (D:1)
  2 rats (D:1)
26 creatures vanquished.

Notes
Turn   | Place    | Note
-------+----------+-------------------------------------------
     0 | D:1      | mopl the Hill Orc Hunter began the quest for the Orb.
     0 | D:1      | Reached XP level 1. HP: 18/18 MP: 1/1
    88 | D:1      | Reached XP level 2. HP: 20/25 MP: 2/2
   208 | D:1      | Reached skill level 4 in Crossbows
   229 | D:1      | Found a faded altar of an unknown god.
   429 | D:1      | Reached skill level 3 in Fighting
   472 | D:1      | Reached XP level 3. HP: 13/31 MP: 3/3
   874 | D:1      | Found Ydavuo's Distillery.
   880 | D:1      | Bought a potion of curing for 39 gold pieces
   880 | D:1      | Bought a potion of degeneration for 13 gold pieces
   981 | D:2      | Slain by a jackal

Illustrated notes

Levels and vault maps discovered:
D:1:      wander_arrival_estate, layout_loops_cross,
          ebering_ecumenical_altar_webs, serial_shops, shop, bh_walls_and_bars
D:2:      layout_rooms, serial_curves, eino_curves_03, eino_curves_01,
          minmay_heptomino_l4

Skill      XL: |  1  2 |
---------------+-------+-----
Crossbows      | 4 |  4.3
Fighting       | 3 |  3.1
Dodging        | |  1.5
Stealth        | |  0.7

Action                   || total
-------------------------++-------
Melee: Short sword       ||    97
       Punch             ||     3
 Fire: Hand crossbow     ||     1
 Stab: Sleeping          ||     1
Armor: Leather armour    ||    42
Dodge: Dodged            ||    89
